 Dungeon Crawl Stone Soup version 0.23.2-40-g277498a001 (webtiles) character file.

Game seed: 17516190575790337723

431 Marnok the Covered (level 6, 0/44 HPs)
             Began as a Minotaur Fighter on Oct 14, 2019.
             Slain by Grinder (1 damage)
             ... on level 5 of the Dungeon.
             The game lasted 00:09:34 (2886 turns).

Marnok the Covered (Minotaur Fighter)               Turns: 2886, Time: 00:09:35

Health: 0/44       AC:  7    Str: 23    XL:     6   Next: 66%
Magic:  5/5        EV:  6    Int:  5    God:
Gold:   15         SH: 15    Dex:  9    Spells: 5/5 levels left

rFire    . . .     SeeInvis .   a - +0 long sword
rCold    . . .     Gourm    .   p - +0 large shield
rNeg     . . .     Faith    .   b - +0 scale mail
rPois    .         Spirit   .   (helmet restricted)
rElec    .         Reflect  .   (no cloak)
rCorr    .         Harm     .   (no gloves)
MR       .....                  (no boots)
Stlth    ..........             (no amulet)
HPRegen  0.14/turn              (no ring)
MPRegen  0.09/turn              (no ring)

@: no status effects
A: retaliatory headbutt, horns 2, frail 2, wild magic 1
a: no special abilities


You were on level 5 of the Dungeon.
You were not hungry.

You visited 1 branch of the dungeon, and saw 5 of its levels.

You collected 249 gold pieces.
You spent 234 gold pieces at shops.

Inventory:

Hand Weapons
 a - a +0 long sword (weapon)
Missiles
 l - 4 javelins (quivered)
Armour
 b - a +0 scale mail (worn)
 c - a +0 shield
 p - a +0 large shield (worn)
Jewellery
 g - a cursed ring of teleportation
Wands
 i - a wand of polymorph (9)
 r - a wand of iceblast (7)
 s - a wand of digging (5)
Scrolls
 e - 2 scrolls of teleportation
 k - a scroll of fog {unknown}
 m - a scroll of fear {unknown}
 n - a scroll of amnesia {unknown}
 q - a scroll of blinking {unknown}
Potions
 d - 2 potions of might
 o - 3 potions of degeneration
 t - 2 potions of magic {unknown}
Comestibles
 f - 8 rations
 h - 2 chunks of flesh


   Skills:
 + Level 5.2 Fighting
 + Level 5.0 Long Blades
 + Level 5.4 Armour
 + Level 1.1 Dodging
 + Level 5.3 Shields


You had 5 spell levels left.
You didn't know any spells.
Your spell library contained the following spells:

 Spells                   Type           Power        Failure   Level  Hunger
 Beastly Appendage        Tmut           #.....       100%        1    ##.....
 Sticks to Snakes         Tmut           #.......     100%        2    ###....
 Spider Form              Tmut/Pois      #.........   100%        3    ####...
 Ice Form                 Ice/Tmut       #.......     100%        4    #####..
 Blade Hands              Tmut           #.........   100%        5    ######.


Dungeon Overview and Level Annotations

Branches:
Dungeon (5/15)
 Temple: D:4-7

Altars:

Shops:
D:4 }

Annotations:
D:4 2 transporters
D:5 Grinder


Innate Abilities, Weirdness & Mutations

You reflexively headbutt those who attack you in melee.
You have a pair of horns on your head.
You are very frail. (-20% HP)
Your spells are a little harder to cast, but a little more powerful.


Message History

You block Grinder's attack. Grinder gestures at you.
You suddenly lose the ability to move!
Grinder hits you.
You writhe in agony.
* * * LOW HITPOINT WARNING * * *
Grinder gestures at you. Pain shoots through your body!
* * * LOW HITPOINT WARNING * * *
Grinder hits you but does no damage.
You can move again.
You feel better. Grinder gestures at you. Pain shoots through your body!
* * * LOW HITPOINT WARNING * * *
You barely miss Grinder.
Grinder is severely wounded.
Grinder hits you!
* * * LOW HITPOINT WARNING * * *
You writhe in agony.
You die...

.... . ..#.#. .
..... #. .!.#
...###..###
........# #..5..#
#..@..#
#.....####.#.##
#.............
.....####.###.#.#
#.##. #.# #.#.# #
.. #.# .... ..
#.##..#. # ##.
#.##..#.##.#
#..<....<..#


You could see Grinder.

Vanquished Creatures
  A centaur skeleton (D:4)
  An orc priest (D:3)
  2 hounds
  A jelly (D:4)
  2 iguanas (D:4)
  2 worker ants (D:4)
  8 adders
  A shadow imp (D:5)
  3 oozes
  2 worms (D:3)
  An adder skeleton (D:5)
  3 dart slugs
  5 leopard geckos
  3 orcs (D:3)
  A ball python (D:2)
  3 giant cockroaches
  5 goblins
  9 hobgoblins
  6 jackals
  A quokka (D:2)
  6 bats
  8 frilled lizards
  6 kobolds
  A quokka skeleton (D:4)
  10 rats
91 creatures vanquished.

Notes
Turn   | Place    | Note
-------+----------+-------------------------------------------
     0 | D:1      | Marnok the Minotaur Fighter began the quest for the Orb.
     0 | D:1      | Reached XP level 1. HP: 19/19 MP: 0/0
    87 | D:1      | Reached XP level 2. HP: 26/27 MP: 1/1
   380 | D:1      | Reached XP level 3. HP: 17/33 MP: 2/2
   892 | D:3      | Reached XP level 4. HP: 40/40 MP: 3/3
  1331 | D:3      | Reached XP level 5. HP: 38/47 MP: 4/4
  1590 | D:4      | Reached skill level 5 in Fighting
  2024 | D:3      | Gained mutation: You are frail. (-10% HP) [potion of
                  | mutation]
  2024 | D:3      | Gained mutation: You are very frail. (-20% HP) [potion of
                  | mutation]
  2024 | D:3      | Gained mutation: Your spells are a little harder to cast,
                  | but a little more powerful. [potion of mutation]
  2048 | D:4      | Reached skill level 5 in Armour
  2146 | D:4      | Reached XP level 6. HP: 36/44 MP: 5/5
  2153 | D:4      | Found a transporter.
  2206 | D:4      | Found a transporter.
  2229 | D:4      | Reached skill level 5 in Shields
  2236 | D:5      | Entered Level 5 of the Dungeon
  2287 | D:4      | Reached skill level 1 in Dodging
  2320 | D:4      | Reached skill level 5 in Long Blades
  2507 | D:4      | Found Sampom's Gadget Emporium.
  2528 | D:4      | Bought a wand of digging (5) for 234 gold pieces
  2862 | D:5      | Noticed Grinder
  2865 | D:5      | Paralysed by Grinder for 5 turns
  2881 | D:5      | Paralysed by Grinder for 4 turns
  2886 | D:5      | HP: 1/44 [Grinder (8)]
  2886 | D:5      | Slain by Grinder

Skill      XL: |  1  2  3  4  5  6 |
---------------+-------------------+-----
Armour         | 4 5 |  5.4
Fighting       | 4 5 |  5.2
Shields        | 4 5 |  5.3
Long Blades    | 3 4 5 |  5.0
Dodging        | 1 |  1.1

Action                   |  1- 3 |  4- 6 || total
-------------------------+-------+-------++-------
Melee: Long sword        |    97 |   187 ||   284
       Headbutt          |    20 |    33 ||    53
  Use: Potion            |       |     5 ||     5
       Scroll            |       |     4 ||     4
  Eat: Chunk             |       |     7 ||     7
Armor: Scale mail        |    32 |    78 ||   110
Dodge: Dodged            |    29 |    51 ||    80
Block: Shield            |    46 |    18 ||    64
       Large shield      |       |   131 ||   131
       Rpst.: Long sword |     9 |    16 ||    25
